Map: Pylon LE

Players

Julienski - Winner!

  • Race: Protoss Protoss
  • League: Platinum
  • Spawn Location: 5:00

ManlyManMeat

  • Race: Protoss Protoss
  • League: Master
  • Spawn Location: 11:00

VOD

Have the link to the VOD?

Description

Time

  • Played on: June 13, 2025, 4:25 p.m.
  • Length: 4:45
Show
View Real Time Build Order
Export as new Build Order

Julienski Protoss - Winner!

Build Orders: Dark Templar Rush 

Get SALT Encoding   

  12  0:00  Probe  
  13  0:12  Probe  
  14  0:23  Pylon  
  14  0:33  Probe  
  15  0:41  Gateway  
  15  0:47  Assimilator  
  15  0:48  Probe  
  16  0:57  Pylon  
  16  1:00  Assimilator  
  16  1:08  Assimilator  
  16  1:19  Probe  
  17  1:31  Probe  
  18  1:33  Cybernetics Core  
  18  1:43  Probe  
  19  1:54  Probe  
  19  1:58  Stalker  
  19  2:00  Pylon  
  20  2:02  Probe  
  21  2:10  Probe  
  21  2:12  Warp Gate  
  24  2:22  Twilight Council  
  24  2:36  Stalker  
  26  2:45  Shield Battery  
  26  3:07  Dark Shrine  
  26  3:12  Gateway  
  26  3:14  Pylon  
  26  3:42  Nexus  
  26  3:47  Shield Battery  
  26  4:15  Stargate  
  26  4:19  Dark Templar  
  26  4:22  Dark Templar  
  30  4:31  Assimilator  
  30  4:35  Assimilator  
Show
View Real Time Build Order
Export as new Build Order

ManlyManMeat Protoss 

Build Orders: 1 Gate Expand 

Get SALT Encoding   

  12  0:00  Probe  
  13  0:12  Probe  
  14  0:20  Pylon  
  14  0:23  Probe  
  15  0:34  Probe  
  16  0:43  Gateway, Probe  
  17  0:51  Assimilator  
  17  1:06  Gateway  
  17  1:12  Probe  
  18  1:24  Probe  
  19  1:40  Nexus  
  19  1:51  Cybernetics Core  
  19  2:00  Probe  
  20  2:08  Pylon  
  20  2:11  Warp Gate  
  20  2:16  Stalker  
  20  2:24  Stalker  
  24  2:37  Probe  
  24  2:41  Stalker  
  25  2:49  Probe  
  28  2:51  Stalker  
  30  3:01  Probe  
  30  3:02  Probe  
  32  3:14  Probe x2  
  32  3:18  Assimilator  
  34  3:24  Shield Battery  
  34  3:27  Stalker  
  34  3:36  Stalker  
  34  3:41  Pylon  
  38  3:42  Probe x2  
  40  3:53  Stalker  
  40  3:54  Probe x2  
  42  3:57  Pylon  
  45  4:10  Assimilator, Probe x2  
  46  4:18  Zealot  
  48  4:31  Probe  
  48  4:32  Probe  
  50  4:40  Robotics Facility, Gateway  
  50  4:42  Assimilator, Gateway  
Tags
 
Add a new tag
Caveats
  • Supply blocks, unpowered buildings, or Contaminate may cause inaccurate times.
  • Supply counts are checked every 10 seconds.